 Dungeon Crawl Stone Soup version 0.20-a0-1062-g7b787ac (webtiles) character file.

6 Gorglomux the Chopper (level 1, -2/19 HPs)
             Began as a Hill Orc Monk on Apr 27, 2017.
             Slain by a goblin
             ... wielding a +0 dagger
              (3 damage)
             ... on level 1 of the Dungeon.
             The game lasted 00:00:42 (159 turns).

Gorglomux the Chopper (Hill Orc Monk)                Turns: 159, Time: 00:00:43

Health: -2/19      AC:  2    Str: 13    XL:     1   Next: 90%
Magic:  1/1        EV: 13    Int: 10    God:
Gold:   14         SH:  0    Dex: 13    Spells: 0/0 levels left

rFire    . . .     SeeInvis .   a - +0 hand axe
rCold    . . .     Gourm    .   (no shield)
rNeg     . . .     Faith    .   b - +0 robe
rPois    .         Spirit   .   (no helmet)
rElec    .         Reflect  .   (no cloak)
rCorr    .         Harm     .   (no gloves)
MR       .....                  (no boots)
Stlth    ++........             (no amulet)
Regen    0.1/turn               (no ring)
MPRegen  0.1/turn               (no ring)

@: no status effects
A: no striking features
a: no special abilities


You were on level 1 of the Dungeon.
You were not hungry.

You visited 1 branch of the dungeon, and saw 1 of its levels.

You collected 14 gold pieces.

Inventory:

Hand Weapons
 a - a +0 hand axe (weapon)
Armour
 b - a +0 robe (worn)
Jewellery
 k - an uncursed ring of positive energy {unknown}
   (You found it on level 1 of the Dungeon)
Scrolls
 g - a scroll of identify {unknown}
 h - a scroll of noise {unknown}
 i - a scroll of teleportation {unknown}
 j - a scroll of random uselessness {unknown}
Potions
 d - a potion of degeneration {unknown}
 e - a potion of curing {unknown}
Comestibles
 c - a bread ration {@e1@e1}
 f - a chunk of flesh {@w0@w0}


   Skills:
 + Level 3.6 Fighting
 + Level 4.2 Axes
 + Level 2.5 Dodging
 + Level 1.8 Stealth


You couldn't memorise any spells.
You didn't know any spells.

Dungeon Overview and Level Annotations

Branches:
Dungeon (1/15)

Altars:


Message History

You hit the rat.
You kill the rat!
No target in view!
e - a smoky puce potion You see here a rat corpse.
Unknown command.
A kobold comes into view.
You see here a scroll labeled HAENIRIWNEBER.
Unknown command.
A kobold is nearby!
Unknown command.
Unknown command.
A kobold is nearby!
The helpless kobold fails to defend itself.
You slash the kobold!
You kill the kobold!
No target in view!
No target in view!
Unknown command.
g - a scroll labeled HAENIRIWNEBER Unknown command.
You now have 6 gold pieces.
h - a scroll labeled MEWEPO TAUTZ Unknown command.
No target in view!
Unknown command.
i - a scroll labeled GUKHLU GIQIFONUSU No target in view!
A bat comes into view.
Health restored: 19 The bat hits you but does no damage.
Unknown command.
A bat is nearby!
You hit the bat. The bat hits you but does no damage. The bat misses you. x2
Unknown command.
A bat is nearby!
The bat misses you. x2
Unknown command.
A bat is nearby!
You hit the bat.
You kill the bat!
Unknown command.
You see here a bat corpse.
A kobold comes into view. It is wielding a whip.
The kobold shouts!
The kobold hits you with a whip.
You take 5 damage, and have 14/19 hp.
MASSIVE DAMAGE!!
You hit the kobold but do no damage. The kobold closely misses you.
A kobold is nearby!
Unknown command.
You hit the kobold.
You kill the kobold!
j - a scroll labeled VIN ITOUZUNTIU You now have 14 gold pieces (gained 8).
You see here a whip.
Unknown command.
No target in view!
k - a blackened iron ring Unknown command.
No target in view!
You see here a dagger.
A kobold comes into view.
The kobold moves out of view.
No target in view!
Unknown command.
Unknown command.
A kobold is nearby!
Unknown command.
A kobold is nearby!
A goblin comes into view. It is wielding a dagger.
Found a stone staircase leading down.
A goblin comes into view. It is wielding a dagger.
The goblin shouts! x2
The kobold shouts!
The goblin hits you but does no damage.
You closely miss the goblin. The goblin hits you with a dagger.
The kobold throws a stone.
The stone closely misses you.
You take 4 damage, and have 12/19 hp.
MASSIVE DAMAGE!!
You hit the goblin. The goblin closely misses you.
You closely miss the goblin. The goblin barely misses you.
The goblin closely misses you. x2
You hit the goblin but do no damage. You barely miss the goblin.
You hit the kobold. The kobold barely misses you. The goblin misses you.
The goblin hits you but does no damage.
You closely miss the goblin. You closely miss the kobold. You hit the goblin.
The kobold hits you. The goblin completely misses you.
The goblin hits you with a dagger.
You take 6 damage, and have 6/19 hp.
MASSIVE DAMAGE!!
You are too injured to fight recklessly!
Unknown command.
You barely miss the goblin. You closely miss the goblin. You hit the kobold.
The kobold hits you.
* * * LOW HITPOINT WARNING * * *
The goblin hits you with a dagger.
* * * LOW HITPOINT WARNING * * *
The goblin hits you with a dagger.
You die...

..# ###..# ## ...... .#
#..... ...
#########.##.#..####.##
###.................
##.....#...............
...# #..#.....#...#
.#.# #.........# ##.#
#......Kg.# .#
#.##....@.# ##.#####
#.##..(#g# #...
..###....##... #..#
#.#.##### ####
#..######.##
#.........# #)######.##
..# #.# ..# #.#


You could see 2 goblins and a kobold.

Vanquished Creatures
  A bat (D:1)
  A hobgoblin (D:1)
  2 kobolds (D:1)
  2 rats (D:1)
6 creatures vanquished.

Notes
Turn   | Place    | Note
-------+----------+-------------------------------------------
     0 | D:1      | Gorglomux the Hill Orc Monk began the quest for the Orb.
     0 | D:1      | Reached XP level 1. HP: 19/19 MP: 1/1
   159 | D:1      | HP: 2/19 [kobold (4)]
   159 | D:1      | Slain by a goblin

Vault maps used:
D:1:      dpeg_arrival_long_road, hangedman_decor_clover_reticule,
          nicolae_ashenzari_panopticon

Action                   || total
-------------------------++-------
Melee: Hand axe          ||    24
 Stab: Sleeping          ||     1
Armor: Robe              ||     4
Dodge: Dodged            ||    20

Vault maps used:
D:1:      dpeg_arrival_long_road, hangedman_decor_clover_reticule,
          nicolae_ashenzari_panopticon

Table legend:
 A = Turns spent in this place as a percentage of turns spent in the entire game.
 B = Non-inter-level travel turns spent in this place as a percentage of non-inter-level travel turns spent in the entire game.
 C = Inter-level travel turns spent in this place as a percentage of turns spent in this place.
 D = Turns resting spent in this place as a percentage of non-inter-level travel turns spent in this place.
 E = Turns spent auto-exploring this place as a percentage of non-inter-level travel turns spent in this place.
 F = Non-inter-level travel turns spent in this place divided by the number of levels of this place that you've seen.
                   A       B       C       D       E      F
               +-------+-------+-------+-------+-------+----------------------
         Total | 100.0 | 100.0 |   0.0 |   0.0 |  12.7 | 118.0
       Dungeon | 100.0 | 100.0 |   0.0 |   0.0 |  12.7 | 118.0
               +-------+-------+-------+-------+-------+----------------------

Table legend:
 A = Kills in this place as a percentage of kills in entire the game.
 B = Kills by you in this place as a percentage of kills by you in the entire game.
 C = Kills by friends in this place as a percentage of kills by friends in the entire game.
 D = Other kills in this place as a percentage of other kills in the entire game.
 E = Experience gained in this place as a percentage of experience gained in the entire game.
 F = Experience gained in this place divided by the number of levels of this place that you have seen.
                   A       B       C       D       E      F
               +-------+-------+-------+-------+-------+----------------------
         Total | 100.0 | 100.0 |  -nan |  -nan | 100.0 |   9.0
       Dungeon | 100.0 | 100.0 |  -nan |  -nan | 100.0 |   9.0
               +-------+-------+-------+-------+-------+----------------------
